 Dungeon Crawl Stone Soup version 0.30-a0-883-g5ad918d77d (webtiles) character file.

Game seed: 12330717924694515408

51 112233 the Magician (level 3, -8/19 HPs)
             Began as a Deep Elf Conjurer on Mar 17, 2023.
             Mangled by an ogre
             ... wielding a +0 giant spiked club
              (27 damage)
             ... on level 3 of the Dungeon.
             The game lasted 00:00:53 (2043 turns).

112233 the Magician (Deep Elf Conjurer)             Turns: 2043, Time: 00:00:54

Health: -8/19      AC:  3    Str:  4    XL:     3   Next: 58%
Magic:  10/11      EV: 12    Int: 24    God:
Gold:   76         SH:  0    Dex: 13    Spells: 9/12 levels left

rFire   . . .      SeeInvis .    (no weapon)
rCold   . . .      Faith    .    (no shield)
rNeg    . . .      Spirit   .    a - +0 robe
rPois   .          Reflect  .    (no helmet)
rElec   .          Rampage  .    (no cloak)
rCorr   .                        (no gloves)
Will    .....                    q - +0 pair of boots
Stlth   ++                       (no amulet)
HPRegen 0.23/turn                (no ring)
MPRegen 0.12/turn                (no ring)

@: no status effects
A: no striking features
a: no special abilities


You were on level 3 of the Dungeon.
You visited 1 branch of the dungeon, and saw 3 of its levels.

You collected 106 gold pieces.
You spent 30 gold pieces at shops.

Inventory:

Armour
 a - a +0 robe (worn)
 q - a +0 pair of boots (worn)
Jewellery
 h - a ring of poison resistance
Scrolls
 c - a scroll of enchant armour {unknown}
 f - 2 scrolls of identify {unknown}
 g - a scroll of noise {unknown}
 i - a scroll of teleportation
 j - 2 scrolls of amnesia {unknown}
 n - a scroll of immolation {unknown}
Potions
 b - a potion of magic
 d - 2 potions of heal wounds {unknown}
 e - a potion of degeneration {unknown}
 k - a potion of mutation {unknown}
 l - a potion of curing {unknown}
 m - a potion of berserk rage {unknown}
 o - a potion of flight {unknown}
 p - a potion of invisibility {unknown}


   Skills:
 - Level 2.4 Dodging
 - Level 2.4 Stealth
 + Level 5.4 Spellcasting
 - Level 4.4 Conjurations


You had 9 spell levels left.
You knew the following spells:

 Your Spells              Type           Power      Damage    Failure   Level
a - Magic Dart            Conj           100%       1d8       1%          1
b - Searing Ray           Conj           54%        2d6       1%          2

Your spell library contained the following spells:

 Spells                   Type           Power      Damage    Failure   Level
 Dazzling Flash           Conj/Hex       34%        N/A       11%         3
 Fulminant Prism          Conj/Hex       8%         3d7       34%         4
 Iskenderun's Mystic Bla  Conj/Tloc      17%        2d5       34%         4


Dungeon Overview and Level Annotations

Branches:
Dungeon (3/15)

Altars:
Xom

Shops:
D:1 *


Message History

You kill the kobold!
Unknown command.
Key pressed, stopping explore.
Casting: Magic Dart (safe; 1% risk of failure)
Confirm with . or Enter, or press ? or * to list all spells.
You can't see any susceptible monsters within range! (Use Z to cast anyway.)
You now have 76 gold pieces (gained 14).
You see here a +0 short sword.
Done exploring.
Casting: Magic Dart (safe; 1% risk of failure)
Confirm with . or Enter, or press ? or * to list all spells.
You can't see any susceptible monsters within range! (Use Z to cast anyway.) Done exploring.
Casting: Magic Dart (safe; 1% risk of failure)
Confirm with . or Enter, or press ? or * to list all spells.
You can't see any susceptible monsters within range! (Use Z to cast anyway.) Done exploring.
Casting: Magic Dart (safe; 1% risk of failure)
Confirm with . or Enter, or press ? or * to list all spells.
You can't see any susceptible monsters within range! (Use Z to cast anyway.)
(D) Dungeon
Where to? (Enter - D:3, ? - help)
There is a stone staircase leading down here.
You climb downwards.
Found 5 poisoned darts.
There is a stone staircase leading up here.
An ogre is nearby!
Unknown command.
An ogre is nearby!
An ogre is nearby!
Casting: Magic Dart (safe; 1% risk of failure)
Confirm with . or Enter, or press ? or * to list all spells.
Aiming: Magic Dart (safe; 1% risk of failure)
Press: ? - help, Shift-Dir - straight line, f - ogre
Aim: an ogre, wielding a +0 giant spiked club (asleep, 100% to hit)
The magic dart hits the ogre but does no damage.
The ogre shouts!
You hear a shout!
The ogre hits you with a +0 giant spiked club!!
Ouch! That really hurt!
You die...

..# ... #.# #.#
#.#
#..####.###.#.#
......O.......(
#@# #.# #.# #.#
#.# ..# ###


You could see an ogre.

Vanquished Creatures
  A worm (D:2)
  2 dart slugs
  3 ball pythons
  6 endoplasms
  5 goblins
  3 hobgoblins (D:1)
  3 jackals (D:1)
  3 kobolds
  3 quokkas (D:1)
  3 bats
  5 frilled lizards
  2 rats
39 creatures vanquished.

Notes
Turn   | Place    | Note
-------+----------+-------------------------------------------
     0 | D:1      | 112233 the Deep Elf Conjurer began the quest for the Orb.
     0 | D:1      | Reached XP level 1. HP: 10/10 MP: 6/6
   248 | D:1      | Reached XP level 2. HP: 15/15 MP: 6/8
   278 | D:1      | Reached skill level 4 in Spellcasting
   331 | D:1      | Learned a level 2 spell: Searing Ray
   729 | D:1      | Reached XP level 3. HP: 19/19 MP: 9/11
   787 | D:1      | Found Ute Zusu's General Store.
   792 | D:1      | Bought a scroll of teleportation for 30 gold pieces
   950 | D:1      | Reached skill level 5 in Spellcasting
  1347 | D:2      | Found a shimmering altar of Xom.
  2042 | D:3      | Noticed an ogre
  2043 | D:3      | Mangled by an ogre

Illustrated notes

Levels and vault maps discovered:
D:1:      dpeg_arrival_three_same_balls, layout_loops_cross, serial_shops,
          nicolae_shop_stone
D:2:      layout_basic, basic_altar, kennysheep_generic_room_11
D:3:      layout_loops_ring, ebering_ghost_sewer_d,
          ebering_ecumenical_altar_webs

Skill      XL: |  1  2  3 |
---------------+----------+-----
Spellcasting   | 4 5 |  5.4
Dodging        | |  2.4
Stealth        | |  2.4
Conjurations   | |  4.4

Action                     || total
---------------------------++-------
  Melee: Unarmed           ||     3
   Cast: Magic Dart        ||    78
 Armour: Robe              ||     2
  Dodge: Dodged            ||     6

Table legend: (Time is in decaauts)
 A = Elapsed time spent in this place.
 B = Non-inter-level travel time spent in this place.
 C = Inter-level travel time spent in this place.
 D = Time resting spent in this place.
 E = Time spent auto-exploring this place.
 F = Levels seen in this place.
 G = Mean time per level.
                   A        B        C        D        E       F      G
               +--------+--------+--------+--------+--------+-----+--------+
         Total |   2042 |   1898 |    144 |      0 |   1738 |   3 |  680.7 |
       Dungeon |   2042 |   1898 |    144 |      0 |   1738 |   3 |  680.7 |
               +--------+--------+--------+--------+--------+-----+--------+

Top non-repeatable levels by time:
     D:1: 1151 daAuts
     D:2: 890 daAuts
     D:3: 0 daAuts
